 Dungeon Crawl Stone Soup version 0.31-a0-150-g89dc3ad700 (webtiles) character file.

Game seed: 10356491809724755574

16 qw the Shooter (level 2, 0/25 HPs)
             Began as a Minotaur Hunter on June 8, 2023.
             Slain by a gnoll
             ... wielding a +0 halberd
              (1 damage)
             ... on level 2 of the Dungeon.
             The game lasted 00:00:13 (678 turns).

qw the Shooter (Minotaur Hunter)                     Turns: 678, Time: 00:00:14

Health: 0/25       AC:  5    Str: 15    XL:     2   Next: 37%
Magic:  1/1        EV: 11    Int:  6    God:
Gold:   69         SH:  0    Dex: 13    Spells: 1/1 levels left

rFire   . . .        Y - +0 shortbow
rCold   . . .        (shield currently unavailable)
rNeg    . . .        e - +0 ring mail
rPois   .            (helmet restricted)
rElec   .            (no cloak)
rCorr   .            (no gloves)
SInv    .            (no boots)
Will    .....        (no amulet)
Stlth   +            (no ring)
HPRegen 0.24/turn    (no ring)
MPRegen 0.07/turn

%: no passive effects
@: no status effects
A: horns 2, retaliatory headbutt
a: no special abilities


You were on level 2 of the Dungeon.
You visited 1 branch of the dungeon, and saw 2 of its levels.

You collected 69 gold pieces.


Innate Abilities, Weirdness & Mutations

You have a pair of horns on your head.
You reflexively headbutt those who attack you in melee.


   Skills:
 - Level 2.8 Fighting
 - Level 5.0 Ranged Weapons
 + Level 0.0 Armour
 - Level 2.1 Dodging
 - Level 0.7 Stealth


You had one spell level left.
You didn't know any spells.
Your spell library was empty.

Inventory:

Hand Weapons
 Y - a +0 shortbow (weapon)
Armour
 e - a +0 ring mail (worn)
Potions
 f - a potion of haste {unknown}
 h - a potion of degeneration {unknown}

Dungeon Overview and Level Annotations

Branches:
Dungeon (2/15)

Altars:


Message History

It is a scroll of enchant armour.
Really abort (and waste the scroll)?
Done exploring.
648 ||| READING scroll labelled GOYSUT DAZU.
As you read the scroll labelled GOYSUT DAZU, it crumbles to dust.
It is a scroll of identify.
Really abort (and waste the scroll)?
Done exploring.
649 ||| DRINKING 2 murky emerald potions.
It was a potion of attraction.
You feel attractive to monsters.
Done exploring.
650 ||| DROPPING scroll of butterflies.
You drop a scroll of butterflies.
Done exploring.
651 ||| DROPPING potion of attraction.
You drop a potion of attraction.
Done exploring.
(D) Dungeon
Where to? (* - list waypoints, ? - help)
What level of the Dungeon? (default 1, ? - help)
You swap places.
Your giant cockroach dissolves into shadows!
There is a stone staircase leading down here.
You climb downwards.
Your summoned ally is left behind.
The endoplasm quivers.
The gnoll shouts! x4; The ball python hisses angrily.
The gnoll is attracted toward you. x3
The ball python is attracted toward you.
The gnoll is attracted toward you. The endoplasm is attracted toward you.
Found a scroll labelled MISYUNLY NORPHUPH.
There is a stone staircase leading up here.
There are monsters nearby!
Waypoint 1 assigned to D:2.
You shoot an arrow. The arrow hits the gnoll.
The gnoll is lightly wounded.
The gnoll hits you with a +0 halberd! The gnoll barely misses you.
You furiously retaliate!
You headbutt the gnoll. The gnoll hits you but does no damage.
You feel less attractive to monsters.
678 ||| STAIRDANCE The gnoll hits you from afar with a +0 spear.
The gnoll hits you with a +0 spear.
The gnoll hits you with a +0 halberd. x2
You die...

##########
#Jg@.....#
....¤.ggS....?.
......g.......#
....¤¤######..#
..¤..g ..
...#.) # .....
#.##.


You could see 4 gnolls, an endoplasm and a ball python.

Vanquished Creatures
  2 ball pythons (D:1)
  An endoplasm (D:1)
  A giant cockroach (D:1)
  A hobgoblin (D:1)
  3 kobolds (D:1)
  A quokka (D:1)
  2 bats (D:1)
  4 rats (D:1)
15 creatures vanquished.

Notes
Turn   | Place    | Note
-------+----------+-------------------------------------------
     0 | D:1      | qw the Minotaur Hunter began the quest for the Orb.
     0 | D:1      | Reached XP level 1. HP: 18/18 MP: 0/0
     0 | D:1      | 0 ||| qw: Version: 0.2-a-119-g7aa9181
     0 | D:1      | 0 ||| qw: Game counter: 2877
     0 | D:1      | 0 ||| qw: Always use a shield: true
     0 | D:1      | 0 ||| qw: God list: Okawaru
     0 | D:1      | 0 ||| qw: Allow faded altars: false
     0 | D:1      | 0 ||| qw: Do Orc after D:15 true
     0 | D:1      | 0 ||| qw: Do second Lair branch before Depths: true
     0 | D:1      | 0 ||| qw: Lair rune preference: random
     0 | D:1      | 0 ||| qw: Plans: Normal
     0 | D:1      | 0 ||| PLANNING D:1-11
   277 | D:1      | Reached XP level 2. HP: 25/25 MP: 1/1
   298 | D:1      | Reached skill level 5 in Ranged Weapons
   634 | D:1      | 634 ||| UPGRADING to +0 ring mail.
   644 | D:1      | 644 ||| DROPPING +0 leather armour.
   645 | D:1      | 645 ||| DROPPING +6 ring of intelligence.
   646 | D:1      | 646 ||| READING scroll labelled LUESUN VIED.
   647 | D:1      | 647 ||| READING scroll labelled EMOROMPURIPS.
   648 | D:1      | 648 ||| READING scroll labelled GOYSUT DAZU.
   649 | D:1      | 649 ||| DRINKING 2 murky emerald potions.
   650 | D:1      | 650 ||| DROPPING scroll of butterflies.
   651 | D:1      | 651 ||| DROPPING potion of attraction.
   678 | D:2      | 678 ||| STAIRDANCE
   678 | D:2      | HP: 5/25 [gnoll/+0 spear (6)]
   678 | D:2      | HP: 1/25 [gnoll/+0 halberd (4)]
   678 | D:2      | Slain by a gnoll

Levels and vault maps discovered:
D:1:      dpeg_arrival_fog, layout_loops_cross
D:2:      wander_river, layout_loops_ring, lexackson_kobold_supper,
          uniq_terence, uniq_robin

Skill      XL: |  1  2 |
---------------+-------+-----
Ranged Weapons | 5 |  5.0
Fighting       | |  2.8
Dodging        | |  2.1
Stealth        | |  0.7

Action                     || total
---------------------------++-------
   Fire: Shortbow          ||    43
    Use: Scroll            ||     3
         Potion            ||     1
 Armour: Leather armour    ||     1
         Ring mail         ||     1
  Dodge: Dodged            ||    13

Table legend:
 A = Non-vault XP
 B = Vault XP
 C = Vault XP percentage of total XP
 D = Non-vault monster count
 E = Vault monster count
 F = Vault count percentage of total count
                 A         B        C        D         E       F
            +---------+---------+-------+---------+---------+-------
      Total |      23 |       0 |   0.0 |      15 |       0 |   0.0
            +---------+---------+-------+---------+---------+-------
        D:1 |      23 |       0 |   0.0 |      15 |       0 |   0.0
            +---------+---------+-------+---------+---------+-------
